 Dungeon Crawl Stone Soup version 0.22.1-5-g62c59d9 (webtiles) character file.

44 lorenzova the Conjurer (level 3, 0/28 HPs)
             Began as a Deep Elf Conjurer on Jan 15, 2019.
             Slain by Robin
             ... wielding a +0 dagger
              (7 damage)
             ... on level 1 of the Dungeon.
             The game lasted 00:02:12 (1058 turns).

lorenzova the Conjurer (Deep Elf Conjurer)          Turns: 1058, Time: 00:02:13

Health: 0/28       AC:  2    Str: 10    XL:     3   Next: 41%
Magic:  3/10       EV: 13    Int: 20    God:
Gold:   39         SH:  0    Dex: 15    Spells: 7/10 levels left

rFire    . . .     SeeInvis .   f - +0 dagger
rCold    . . .     Gourm    .   (no shield)
rNeg     . . .     Faith    .   a - +0 robe
rPois    .         Spirit   .   (no helmet)
rElec    .         Reflect  .   (no cloak)
rCorr    .         Harm     .   (no gloves)
MR       .....                  (no boots)
Stlth    ..........             (no amulet)
HPRegen  0.09/turn              (no ring)
MPRegen  0.12/turn              (no ring)

@: berserking, very quick
A: no striking features
a: no special abilities


You were on level 1 of the Dungeon.
You were not hungry.

You visited 1 branch of the dungeon, and saw 2 of its levels.

You collected 39 gold pieces.

Inventory:

Hand Weapons
 f - a +0 dagger (weapon)
Armour
 a - a +0 robe (worn)
Jewellery
 g - an uncursed amulet of guardian spirit
Scrolls
 h - a scroll of remove curse {unknown}
Potions
 d - a potion of flight {unknown}
 e - a potion of berserk rage
 i - a potion of curing {unknown}
Comestibles
 c - 3 rations


   Skills:
 - Level 2.4 Dodging
 - Level 2.4 Stealth
 + Level 4.3 Spellcasting
 + Level 5.1 Conjurations


You had 7 spell levels left.
You knew the following spells:

 Your Spells              Type           Power        Failure   Level  Hunger
a - Magic Dart            Conj           ###.         1%          1    None
b - Searing Ray           Conj           ###...       2%          2    #......

Your spell library contained the following spells:

 Spells                   Type           Power        Failure   Level  Hunger
 Dazzling Spray           Conj/Hex       ##....       13%         3    ###....
 Iskenderun's Mystic Bla  Conj           ###.....     16%         4    ####...
 Force Lance              Conj/Tloc      ##......     41%         4    ####...
 Fulminant Prism          Conj/Hex       ##........   41%         4    ####...


Dungeon Overview and Level Annotations

Branches:
Dungeon (2/15)

Altars:

Annotations:
D:1 Robin


Message History

You climb upwards.
There is a stone staircase leading down here.
Robin hits you with a dagger.
* * * LOW HITPOINT WARNING * * *
Robin barely misses you. Robin hits you but does no damage.
Robin says, "Bow before me, strongest of all the hobgoblins!"
Robin hits you with a dagger.
* * * LOW HITPOINT WARNING * * *
It was a potion of berserk rage.
A red film seems to cover your vision as you go berserk!
You feel yourself moving faster!
You feel mighty! Robin hits you but does no damage. x2
You hit Robin.
Robin is lightly wounded.
Robin misses you.
You hit Robin.
Robin is moderately wounded.
Robin hits you with a dagger!
You die...

######......#.....###.......#.
#####.###..#.#...............
#.....# #..#.#...###.###.....
#.#######........# #.# ######
#.........####...# #.#
##############..####.########
#................# #########
#g##.##..........# #.......#
#@#..##..........# #.......#
#.#.>............. #.......#
#.#....##.........
#.......###.##...##.........
#....†......#...###......[..
#.............### ##.#######
#........####.# #.#
#........####.# ###'##
##..)..........# #....#


You could see Robin.

Vanquished Creatures
  An adder (D:1)
  2 leopard geckos
  4 ball pythons (D:1)
  3 bats (D:1)
  A giant cockroach (D:1)
  2 hobgoblins (D:2)
  6 goblins
  5 kobolds (D:1)
  9 rats (D:1)
33 creatures vanquished.

Notes
Turn   | Place    | Note
-------+----------+-------------------------------------------
     0 | D:1      | lorenzova the Deep Elf Conjurer began the quest for the
                  | Orb.
     0 | D:1      | Reached XP level 1. HP: 10/10 MP: 6/6
   326 | D:1      | Reached XP level 2. HP: 15/15 MP: 4/8
   330 | D:1      | Learned a level 2 spell: Searing Ray
   629 | D:1      | Reached skill level 5 in Conjurations
   629 | D:1      | Reached XP level 3. HP: 14/19 MP: 1/10
  1027 | D:2      | Noticed Robin
  1058 | D:1      | Slain by Robin

Skill      XL: |  1  2 |
---------------+-------+-----
Spellcasting   | 4 |  4.3
Conjurations   | 5 |  5.1
Dodging        | |  2.4
Stealth        | |  2.4

Action                   || total
-------------------------++-------
Melee: Dagger            ||     4
 Cast: Magic Dart        ||    46
       Searing Ray       ||     2
  Use: Scroll            ||     1
       Potion            ||     1
Armor: Robe              ||     7
Dodge: Dodged            ||    22
